[Event "1000GM MLK Day RR IM-Norm 2024"]
[Site "Sunnyvale"]
[Date "2024.01.14"]
[Round "1.1"]
[White "Tang, Dylan"]
[Black "Deng, Henry"]
[Result "1/2-1/2"]
[ECO "B40"]
[WhiteElo "2206"]
[BlackElo "2281"]
[Annotator "RC"]
[PlyCount "53"]
[EventDate "2024.01.12"]
[EventType "tourn"]
[EventCountry "USA"]
[SourceTitle "playchess.com"]
[Source "ChessBase"]
[SourceQuality "1"]
[TimeControl "5400+30"]

1. e4 c5 2. Nf3 e6 3. g3 d5 4. exd5 exd5 5. d4 cxd4 6. Nxd4 Nc6 7. Bg2 Bc5 8. Ne2 Nf6 9. O-O O-O 10. Nbc3 Be6 11. Bg5 h6 12. Bxf6 Qxf6 13. Nf4 Rad8 14. Qd3 Nb4 15. Qb5 b6 16. Rad1 Bd7 17. Qe2 Rfe8 18. Qd2 Bg4 19. a3 Nc6 20. Rde1 Qd4 21. Nd3 Rxe1 22. Rxe1 Bf5 23. b4 Bxd3 24. bxc5 Bc4 25. Qxd4 Nxd4 26. cxb6 axb6 27. Rd1 1/2-1/2

[Event "1000GM MLK Day RR IM-Norm 2024"]
[Site "Sunnyvale"]
[Date "2024.01.14"]
[Round "1.2"]
[White "Guo, Ethan"]
[Black "Arenas, David"]
[Result "0-1"]
[ECO "B90"]
[WhiteElo "2099"]
[BlackElo "2406"]
[Annotator "RC"]
[PlyCount "88"]
[EventDate "2024.01.12"]
[EventType "tourn"]
[EventCountry "USA"]
[SourceTitle "playchess.com"]
[Source "ChessBase"]
[SourceQuality "1"]
[TimeControl "5400+30"]

1. e4 c5 2. Nf3 d6 3. d4 Nf6 4. Nc3 cxd4 5. Nxd4 a6 6. Qd3 g6 7. f3 Bg7 8. Be3 Nbd7 9. O-O-O b5 10. g4 Bb7 11. g5 Nh5 12. f4 Nc5 13. Qe2 Nxe4 14. Nxe4 Bxe4 15. Bg2 Bxg2 16. Qxg2 O-O 17. Kb1 Rc8 18. Ne2 Qc7 19. Ng3 Nxg3 20. hxg3 Bxb2 21. Kxb2 Qc3+ 22. Kb1 Qxe3 23. Rd3 Qc5 24. Qh2 h5 25. gxh6 Qb4+ 26. Rb3 Qe4 27. Rc1 Rc4 28. Qd2 Qd4 29. Qe2 Rfc8 30. f5 Qe4 31. Qxe4 Rf8 32. Qe2 Rfc8 33. Qe4 Rxe4 34. fxg6 fxg6 35. Rf3 Rc5 36. Rh1 Rh5 37. Rxh5 gxh5 38. Ra3 Rg4 39. Rxa6 Rxg3 40. Ra5 Rg5 41. Ra3 h4 42. Re3 Kf7 43. Rf3+ Kg6 44. h7 Rh5 0-1

[Event "1000GM MLK Day RR IM-Norm 2024"]
[Site "Sunnyvale"]
[Date "2024.01.14"]
[Round "1.4"]
[White "Dominguez Aguilar, Guillermo"]
[Black "Chiang, Jacob"]
[Result "1-0"]
[ECO "B70"]
[WhiteElo "2319"]
[BlackElo "2200"]
[Annotator "RC"]
[PlyCount "93"]
[EventDate "2024.01.12"]
[EventType "tourn"]
[EventCountry "USA"]
[SourceTitle "playchess.com"]
[Source "ChessBase"]
[SourceQuality "1"]
[TimeControl "5400+30"]

1. e4 c5 2. Nf3 Nc6 3. d4 cxd4 4. Nxd4 Nf6 5. Nc3 d6 6. g3 g6 7. Bg2 Bg7 8. Nxc6 bxc6 9. e5 dxe5 10. Qxd8+ Kxd8 11. Bxc6 Rb8 12. Be3 Bb7 13. O-O-O+ Kc8 14. Bxb7+ Rxb7 15. a4 Ng4 16. Rd5 Nxe3 17. fxe3 Rd8 18. Rc5+ Rc7 19. Ra5 Rcd7 20. Rf1 f5 21. e4 e6 22. Ra6 Re7 23. Rc6+ Kb7 24. Rc5 a6 25. b4 Rc7 26. Rxc7+ Kxc7 27. Rf3 Bh6+ 28. Kb2 Rd2 29. h3 Bf8 30. g4 f4 31. Kb3 Be7 32. Rd3 Rf2 33. Nb1 Re2 34. Nd2 Bh4 35. Nf3 Be1 36. Nxe5 Rxe4 37. Nc4 e5 38. b5 axb5 39. axb5 Bf2 40. Rd5 Bd4 41. c3 f3 42. cxd4 f2 43. b6+ Kb7 44. Rd7+ Kc8 45. Rf7 Rxd4 46. Nxe5 Rd6 47. Nc4 1-0

[Event "1000GM MLK Day RR IM-Norm 2024"]
[Site "Sunnyvale"]
[Date "2024.01.14"]
[Round "1.5"]
[White "Guo, Andrew"]
[Black "Bansal, Advay"]
[Result "1/2-1/2"]
[ECO "D77"]
[WhiteElo "2255"]
[BlackElo "2253"]
[Annotator "RC"]
[PlyCount "48"]
[EventDate "2024.01.12"]
[EventType "tourn"]
[EventCountry "USA"]
[SourceTitle "playchess.com"]
[Source "ChessBase"]
[SourceQuality "1"]
[TimeControl "5400+30"]

1. d4 Nf6 2. c4 g6 3. Nf3 Bg7 4. g3 O-O 5. Bg2 d5 6. O-O dxc4 7. Na3 c5 8. Nxc4 Be6 9. Nfe5 Qc8 10. dxc5 Nfd7 11. c6 Nxc6 12. Nxc6 bxc6 13. Na5 Bd5 14. Bxd5 cxd5 15. Qxd5 Nf6 16. Qf3 Qe6 17. Nb3 Ne4 18. Rb1 Rfd8 19. Be3 a5 20. Rfd1 f5 21. Nc5 Nxc5 22. Bxc5 Rxd1+ 23. Rxd1 Rc8 24. Ba3 Rc2 1/2-1/2

[Event "1000GM MLK Day RR IM-Norm 2024"]
[Site "Sunnyvale"]
[Date "2024.01.15"]
[Round "2.1"]
[White "Deng, Henry"]
[Black "Bansal, Advay"]
[Result "1-0"]
[ECO "B23"]
[WhiteElo "2281"]
[BlackElo "2253"]
[Annotator "RC"]
[PlyCount "55"]
[EventDate "2024.01.12"]
[EventType "tourn"]
[EventCountry "USA"]
[SourceTitle "playchess.com"]
[Source "ChessBase"]
[SourceQuality "1"]
[TimeControl "5400+30"]

1. e4 c5 2. Nc3 d6 3. Bb5+ Bd7 4. Bxd7+ Qxd7 5. d4 cxd4 6. Qxd4 Nc6 7. Qd3 g6 8. Nf3 Bg7 9. O-O Nf6 10. Nd5 O-O 11. c3 Nh5 12. Rd1 e6 13. Nf4 Nf6 14. e5 Ne8 15. exd6 Rd8 16. Be3 e5 17. Ne2 b6 18. Ng3 Qb7 19. Ne4 f5 20. d7 Kh8 21. dxe8=Q Rxd3 22. Qe6 Nd8 23. Nd6 Qc6 24. Nxe5 Rxd1+ 25. Rxd1 Qa4 26. Nef7+ Nxf7 27. Nxf7+ Rxf7 28. Rd8+ 1-0

[Event "1000GM MLK Day RR IM-Norm 2024"]
[Site "Sunnyvale"]
[Date "2024.01.15"]
[Round "2.2"]
[White "Chiang, Jacob"]
[Black "Guo, Andrew"]
[Result "*"]
[ECO "E92"]
[WhiteElo "2200"]
[BlackElo "2255"]
[Annotator "RC"]
[PlyCount "58"]
[EventDate "2024.01.12"]
[EventType "tourn"]
[EventCountry "USA"]
[SourceTitle "playchess.com"]
[Source "ChessBase"]
[SourceQuality "1"]
[TimeControl "5400+30"]

1. c4 g6 2. Nc3 Bg7 3. d4 Nf6 4. e4 d6 5. Be2 O-O 6. Be3 Nc6 7. Nf3 e5 8. d5 Ne7 9. Nd2 Nd7 10. O-O c5 11. dxc6 bxc6 12. Nf3 Nf6 13. c5 d5 14. Nxe5 Nxe4 15. Nxe4 Bxe5 16. Nd6 Bxd6 17. cxd6 Nf5 18. Bc5 Nxd6 19. Bd3 Re8 20. Re1 Rxe1+ 21. Qxe1 Bf5 22. Qe5 f6 23. Qf4 Nb7 24. Bxf5 Nxc5 25. Rc1 Qe7 26. Qe3 Qxe3 27. fxe3 gxf5 28. Rxc5 Rb8 29. Rxc6 Rxb2 *

[Event "1000GM MLK Day RR IM-Norm 2024"]
[Site "Sunnyvale"]
[Date "2024.01.15"]
[Round "2.3"]
[White "Delgado Ramirez, Neuris"]
[Black "Dominguez Aguilar, Guillermo"]
[Result "1-0"]
[ECO "B50"]
[WhiteElo "2517"]
[BlackElo "2319"]
[Annotator "RC"]
[PlyCount "81"]
[EventDate "2024.01.12"]
[EventType "tourn"]
[EventCountry "USA"]
[SourceTitle "playchess.com"]
[Source "ChessBase"]
[SourceQuality "1"]
[TimeControl "5400+30"]

1. e4 c5 2. Nf3 d6 3. Bc4 Nf6 4. d3 a6 5. c3 g6 6. e5 dxe5 7. Nxe5 e6 8. Qf3 Nbd7 9. Bf4 Bg7 10. Nxd7 Nxd7 11. Nd2 e5 12. Bg5 f6 13. Be3 Qe7 14. g4 Rb8 15. Ne4 b6 16. Bd5 Nf8 17. O-O-O Be6 18. c4 Rd8 19. Nc3 Rd6 20. h4 h6 21. Rhg1 Kf7 22. Qe4 g5 23. Qf3 Kg8 24. Be4 Qf7 25. Bf5 Qe8 26. Ne4 Rd8 27. hxg5 hxg5 28. Rh1 Rxh1 29. Qxh1 Ng6 30. Ng3 Rb8 31. Qe4 Bf7 32. Rh1 a5 33. Rh2 Ne7 34. Qh1 Qc6 35. Be4 Qd7 36. Nh5 Qd6 37. Nxg7 Kxg7 38. Rh7+ Kf8 39. Qh6+ Ke8 40. Bxg5 Ng8 41. Qg7 1-0

[Event "1000GM MLK Day RR IM-Norm 2024"]
[Site "Sunnyvale"]
[Date "2024.01.15"]
[Round "2.5"]
[White "Tang, Dylan"]
[Black "Guo, Ethan"]
[Result "0-1"]
[ECO "B51"]
[WhiteElo "2206"]
[BlackElo "2099"]
[Annotator "RC"]
[PlyCount "102"]
[EventDate "2024.01.12"]
[EventType "tourn"]
[EventCountry "USA"]
[SourceTitle "playchess.com"]
[Source "ChessBase"]
[SourceQuality "1"]
[TimeControl "5400+30"]

1. e4 c5 2. Nf3 d6 3. Bb5+ Nd7 4. a4 Ngf6 5. Nc3 g6 6. a5 a6 7. Bc4 Bg7 8. O-O O-O 9. h3 Nb8 10. e5 Ne8 11. d3 Nc6 12. Nd5 Nxa5 13. Rxa5 e6 14. Bd2 exd5 15. Bxd5 dxe5 16. Rxc5 Nf6 17. c4 b6 18. Bxa8 bxc5 19. Be4 Nxe4 20. dxe4 Qd3 21. Bc3 Qxe4 22. Nxe5 Bb7 23. Qf3 Qxf3 24. gxf3 Re8 25. f4 Bc8 26. Kh2 f6 27. Ng4 Kf7 28. b3 Re4 29. Kg3 h5 30. Ne3 Re7 31. Rd1 Rb7 32. Rb1 Bf8 33. Nd5 Be6 34. Kf3 Bxh3 35. Nxf6 Be6 36. Nd5 Bxd5+ 37. cxd5 c4 38. b4 Rb5 39. Rd1 Bxb4 40. Bxb4 Rxb4 41. d6 Ke8 42. d7+ Kd8 43. Rd6 c3 44. Rc6 Rb3 45. Ke3 Kxd7 46. Rxa6 c2+ 47. Kd2 Rc3 48. Kc1 Rc6 49. Ra8 Ke6 50. Rf8 Ke7 51. Rh8 Rf6 0-1

[Event "1000GM MLK Day RR IM-Norm 2024"]
[Site "Sunnyvale"]
[Date "2024.01.15"]
[Round "3.1"]
[White "Guo, Ethan"]
[Black "Deng, Henry"]
[Result "1/2-1/2"]
[ECO "B45"]
[WhiteElo "2099"]
[BlackElo "2281"]
[Annotator "RC"]
[PlyCount "89"]
[EventDate "2024.01.12"]
[EventType "tourn"]
[EventCountry "USA"]
[SourceTitle "playchess.com"]
[Source "ChessBase"]
[SourceQuality "1"]
[TimeControl "5400+30"]

1. e4 c5 2. Nf3 e6 3. d4 cxd4 4. Nxd4 Nf6 5. Nc3 Nc6 6. Nxc6 bxc6 7. e5 Nd5 8. Ne4 Bb7 9. Be2 c5 10. O-O Qc7 11. Nd6+ Bxd6 12. exd6 Qc6 13. f3 e5 14. c4 Nf4 15. Bxf4 exf4 16. Qd2 O-O 17. Bd3 Rae8 18. Rae1 Re3 19. Rxe3 fxe3 20. Qxe3 Qxd6 21. Rd1 g6 22. b3 Rd8 23. h4 h5 24. Bc2 Qf8 25. Qg5 d6 26. Kf2 Kg7 27. f4 Re8 28. g4 hxg4 29. h5 Bf3 30. Rd2 Qe7 31. Qxe7 Rxe7 32. hxg6 fxg6 33. Bd1 Bxd1 34. Rxd1 Re6 35. Kg3 Re2 36. Rxd6 Rxa2 37. Rc6 Rb2 38. Rxc5 Rxb3+ 39. Kxg4 Rc3 40. Rc7+ Kf6 41. Rc6+ Kf7 42. Rc7+ Kf6 43. Rxa7 Rxc4 44. Ra6+ Kf7 45. Ra7+ 1/2-1/2

[Event "1000GM MLK Day RR IM-Norm 2024"]
[Site "Sunnyvale"]
[Date "2024.01.15"]
[Round "3.2"]
[White "Figueredo Losada, Leonel"]
[Black "Tang, Dylan"]
[Result "1/2-1/2"]
[ECO "D30"]
[WhiteElo "2381"]
[BlackElo "2206"]
[Annotator "TA"]
[PlyCount "108"]
[EventDate "2024.01.12"]
[EventType "tourn"]
[EventCountry "USA"]
[SourceTitle "playchess.com"]
[Source "ChessBase"]
[SourceQuality "1"]
[TimeControl "5400+30"]

1. d4 d5 2. Nf3 Nf6 3. e3 e6 4. c4 c5 5. cxd5 Nxd5 6. e4 {[%emt 0:00:00] D30: Queen's Gambit Declined: Systems without Nc3.} Nb6 7. Nc3 cxd4 8. Qxd4 Qxd4 9. Nxd4 {[%emt 0:00:00] [#]} Bc5 $146 (9... Bd7 $11 {feels stronger.}) ({Predecessor:} 9... Na6 10. Ndb5 Nd7 11. Be3 b6 12. O-O-O Bb7 13. Be2 Be7 14. Nd6+ Bxd6 15. Rxd6 Ke7 {½-½ Stefanova,A (2469)-Kosteniuk,A (2516) Xian World Summit (Women) 2021 (1)}) 10. Nb3 {[%emt 0:00:00] White is more active.} (10. Ndb5 $5 ) 10... Bb4 11. a3 (11. Bd2 $14) 11... Bxc3+ $11 12. bxc3 Na4 13. Be3 O-O 14. Nc5 Nxc5 15. Bxc5 Rd8 16. Rd1 Rxd1+ 17. Kxd1 b6 18. Be3 Bb7 19. f3 Nc6 20. Kc2 Kf8 21. Bb5 Rd8 22. h4 Ne5 23. Rd1 Rxd1 24. Kxd1 {[%emt 0:00:00][%mdl 4096] Endgame KBB-KBN} Bc6 25. Be2 Ba4+ 26. Kd2 Bb3 27. Bf4 Nc4+ 28. Bxc4 Bxc4 {[%emt 0:00:00] KB-KB} 29. Ke3 Ke7 30. Bb8 a6 31. f4 f5 32. exf5 exf5 33. Kd4 Bf1 34. g3 h5 35. Ke5 g6 36. Ba7 b5 37. Bc5+ Kd7 38. Kf6 Be2 39. Kxg6 Bg4 40. Kf6 Kc6 41. Bb4 Kb6 ({Black should try} 41... Kd5 $11) 42. Ke5 {[%emt 0:00:40] White is slightly better.} a5 43. Be7 a4 44. Kd6 Be2 45. Bd8+ Ka6 46. Kc5 Bd1 47. c4 bxc4 48. Kxc4 Kb7 49. Kc5 Kc8 50. Ba5 Kd7 51. Kd5 Bg4 52. Bb4 Bh3 53. Be1 Bg4 54. Bf2 Ke7 {[%emt 0:00:00] Weighted Error Value: White=0.05 (flawless) /Black=0.06 (flawless)} 1/2-1/2

[Event "1000GM MLK Day RR IM-Norm 2024"]
[Site "Sunnyvale"]
[Date "2024.01.15"]
[Round "3.3"]
[White "Dominguez Aguilar, Guillermo"]
[Black "Arenas, David"]
[Result "1/2-1/2"]
[ECO "B33"]
[WhiteElo "2319"]
[BlackElo "2406"]
[Annotator "TA"]
[PlyCount "25"]
[EventDate "2024.01.12"]
[EventType "tourn"]
[EventCountry "USA"]
[SourceTitle "playchess.com"]
[Source "ChessBase"]
[SourceQuality "1"]
[TimeControl "5400+30"]

1. e4 c5 2. Nf3 Nc6 3. d4 cxd4 4. Nxd4 Nf6 5. Nc3 e5 6. Ndb5 d6 7. Bg5 a6 8. Na3 b5 9. Nd5 {[%emt 0:00:00] [#]} Qa5+ $146 ({Predecessor:} 9... Be7 10. Bxf6 Bxf6 11. c4 b4 12. Nc2 a5 13. Qf3 Be6 14. Rd1 O-O 15. Be2 Rc8 16. Nxf6+ Qxf6 17. Qxf6 gxf6 18. Rxd6 Rfd8 19. Rxd8+ Rxd8 20. b3 f5 {½-½ Dominguez Perez,L (2739)-Caruana,F (2782) World-chT Rapid 2023 (6.3)}) 10. Bd2 Qd8 11. Bg5 Qa5+ {[%emt 0:00:23] 11...b4 is the modern continuation.} 12. Bd2 Qd8 13. Bg5 1/2-1/2

[Event "1000GM MLK Day RR IM-Norm 2024"]
[Site "Sunnyvale"]
[Date "2024.01.15"]
[Round "3.4"]
[White "Guo, Andrew"]
[Black "Delgado Ramirez, Neuris"]
[Result "0-1"]
[ECO "A62"]
[WhiteElo "2255"]
[BlackElo "2517"]
[Annotator "TA"]
[PlyCount "106"]
[EventDate "2024.01.12"]
[EventType "tourn"]
[EventCountry "USA"]
[SourceTitle "playchess.com"]
[Source "ChessBase"]
[SourceQuality "1"]
[TimeControl "5400+30"]

1. d4 Nf6 2. c4 e6 3. g3 c5 4. d5 exd5 5. cxd5 d6 6. Nc3 g6 7. Bg2 Bg7 8. Nf3 O-O 9. O-O Re8 10. Bf4 a6 11. a4 Nh5 12. Bg5 {[%emt 0:02:02] A62: Modern Benoni: Fianchetto Variation without early ...Nbd7.} Qc7 13. Qd2 Nd7 14. Rfe1 {[%emt 0:00:54] White is slightly better.} Rb8 15. a5 b5 16. axb6 $1 {[%emt 0:00:15] [#]} Rxb6 $146 ({Predecessor:} 16... Nxb6 17. Qd3 Nf6 18. e4 Ng4 19. h3 Ne5 20. Nxe5 Bxe5 21. Kh2 c4 22. Qe3 Nd7 {0-1 Jaskolka,T (2210)-Makarian,R (2499) Titled Tuesday intern op 23rd Aug Late blitz 2022 (1)}) 17. Rab1 Nhf6 18. Qc2 Qb8 19. h3 Ne5 20. Nd2 Rb4 21. Na2 Rd4 22. e3 Bf5 23. e4 Bd7 (23... Nd3 {feels hotter.} 24. Re3 Nxe4 25. Bxe4 Rexe4 26. Nxe4 Rxe4 27. Rxd3 c4) 24. Be3 {[%emt 0:25:31] [#]} Nd3 $1 25. Red1 Nb4 $1 26. Nxb4 Rxb4 27. b3 Bb5 $1 28. Nc4 Bxc4 29. bxc4 a5 30. Bd2 {[%emt 0:02:03] [#]} Nd7 $1 31. Bxb4 axb4 32. f4 Bd4+ 33. Kh2 Qa7 {[%emt 0:00:42] Inhibits Qa4.} 34. Re1 Qa3 35. Rb3 Qa4 36. Reb1 Ra8 37. Qd3 Qa2 {[%emt 0:00:16][%mdl 1024] Black has compensation.} 38. Rf1 Ra3 39. Rf3 $1 Qa1 40. Rf1 {[%emt 0:02:52] Prevents Qg1+.} Qa2 41. Rf3 Ra6 42. Rf1 Qa5 43. Rfb1 Qb6 44. Qe2 Qa7 (44... Ra4 $5) 45. Rc1 Ra2 46. Rc2 Ra1 47. h4 Qa4 {[%emt 0:00:58] Black has more active pieces.} 48. Qd3 {[%emt 0:00:30][%mdl 8192] [#] Loses the game.} (48. Rd3 $17) 48... Re1 $1 $19 {[%emt 0:00:40] Hoping for ...Re3.} 49. Qf3 {[%emt 0:00:18] Dodges Re3} h5 50. e5 (50. Rd2 $142 Nf6 51. Rbd3) 50... dxe5 {[%emt 0:00:22][%cal Bd6e5,Be5e4][%mdl 32] Threatens to win with ...e4. White is weak on the dark squares. Black is clearly winning.} 51. f5 e4 {[%emt 0:00:27][%mdl 64] Deflection} 52. Qf4 Qxb3 53. fxg6 fxg6 {[%emt 0:00:19] Weighted Error Value: White=0.45/Black=0.04 (flawless)} (53... Qxc2 $2 {gets mated.} 54. Qxf7+ Kh8 55. Qh7#) 0-1

[Event "1000GM MLK Day RR IM-Norm 2024"]
[Site "Sunnyvale"]
[Date "2024.01.15"]
[Round "3.5"]
[White "Bansal, Advay"]
[Black "Chiang, Jacob"]
[Result "1-0"]
[ECO "B66"]
[WhiteElo "2253"]
[BlackElo "2200"]
[Annotator "RC"]
[PlyCount "99"]
[EventDate "2024.01.12"]
[EventType "tourn"]
[EventCountry "USA"]
[SourceTitle "playchess.com"]
[Source "ChessBase"]
[SourceQuality "1"]
[TimeControl "5400+30"]

1. e4 c5 2. Nf3 Nc6 3. d4 cxd4 4. Nxd4 Nf6 5. Nc3 d6 6. Bg5 e6 7. Qd2 Be7 8. O-O-O a6 9. h4 h6 10. Nxc6 bxc6 11. Bf4 e5 12. Bh2 Be6 13. f3 h5 14. Kb1 Qa5 15. Nd5 Qxd2 16. Nxf6+ Bxf6 17. Rxd2 Ke7 18. Bg1 Rhd8 19. Be3 d5 20. exd5 cxd5 21. Bd3 Kf8 22. Bg5 Be7 23. Bxe7+ Kxe7 24. Re1 f6 25. f4 e4 26. Be2 g6 27. Rd4 f5 28. Bf1 Rdb8 29. a4 Rc8 30. Re3 Rc6 31. Rb3 Rac8 32. c3 a5 33. Kc2 Rc5 34. Kd2 R8c7 35. Rb6 R5c6 36. Rxc6 Rxc6 37. b4 Kd6 38. bxa5 Rc5 39. Bb5 Rc7 40. Rb4 Kc5 41. Be8 Rc8 42. Bxg6 Rg8 43. Bxh5 Rxg2+ 44. Be2 Bc8 45. Rb6 Bd7 46. Rb4 Bc8 47. Rb5+ Kd6 48. h5 Rh2 49. a6 Kc6 50. Ra5 1-0

[Event "1000GM MLK Day RR IM-Norm 2024"]
[Site "Sunnyvale"]
[Date "2024.01.16"]
[Round "4.1"]
[White "Deng, Henry"]
[Black "Chiang, Jacob"]
[Result "1/2-1/2"]
[ECO "B30"]
[WhiteElo "2281"]
[BlackElo "2200"]
[Annotator "RC"]
[PlyCount "60"]
[EventDate "2024.01.12"]
[EventType "tourn"]
[EventCountry "USA"]
[SourceTitle "playchess.com"]
[Source "ChessBase"]
[SourceQuality "1"]
[TimeControl "5400+30"]

1. e4 c5 2. Nc3 Nc6 3. Bb5 Nd4 4. Nf3 e6 5. O-O a6 6. Bd3 Nc6 7. a3 b5 8. Be2 Qb6 9. d3 Nge7 10. Be3 Nd4 11. Nb1 Ng6 12. c3 Nxe2+ 13. Qxe2 Qc6 14. Nbd2 Be7 15. b4 d6 16. c4 O-O 17. Rfc1 Qd7 18. d4 cxd4 19. Nxd4 Bf6 20. Ra2 Bxd4 21. Bxd4 Bb7 22. Rac2 Rfc8 23. Be3 d5 24. cxd5 exd5 25. Rxc8+ Rxc8 26. Rxc8+ Qxc8 27. exd5 Bxd5 28. Qd3 Qe6 29. Qd4 h6 30. f3 Kh7 1/2-1/2

[Event "1000GM MLK Day RR IM-Norm 2024"]
[Site "Sunnyvale"]
[Date "2024.01.16"]
[Round "4.2"]
[White "Delgado Ramirez, Neuris"]
[Black "Bansal, Advay"]
[Result "1-0"]
[ECO "B52"]
[WhiteElo "2517"]
[BlackElo "2253"]
[Annotator "TA"]
[PlyCount "85"]
[EventDate "2024.01.12"]
[EventType "tourn"]
[EventCountry "USA"]
[SourceTitle "playchess.com"]
[Source "ChessBase"]
[SourceQuality "1"]
[TimeControl "5400+30"]

1. e4 c5 2. Nf3 d6 3. Bb5+ Bd7 4. Bxd7+ Nxd7 5. O-O Ngf6 6. Qe2 e6 7. c3 Be7 8. d4 O-O {8...0-0 is better than 8...cxd4.} 9. e5 Ne8 10. Rd1 {B52: Sicilian: Moscow Variation with 3...Bd7.} cxd4 11. exd6 Nxd6 {[#]} 12. Rxd4 $146 {The position is equal.} ({Predecessor:} 12. Nxd4 Qc7 13. Bf4 e5 14. Bxe5 Nxe5 15. Qxe5 Bf6 16. Qf4 Qb6 17. Nb3 Rfe8 18. Na3 {½-½ Harsha,B (2582)-Oparin,G (2683) Speed Chess Q2 blitz 2022 (14)}) 12... Nf5 13. Rd1 Qc7 14. Nbd2 Rfd8 15. Nb3 Nf6 16. Nfd4 Nxd4 17. Nxd4 Bc5 18. Bg5 Bxd4 19. cxd4 Rd5 20. Bxf6 gxf6 21. Qg4+ Rg5 22. Qh4 Qc6 23. d5 exd5 24. f4 Rg6 $40 {[%emt 0:00:00][%mdl 128] Black has some attack.} 25. Rac1 {[%emt 0:00:38] Active counter play!} Qa4 26. Qf2 Qxa2 27. Qd4 Qa6 28. f5 (28. Qxd5 $15 Qb6+ 29. Qd4) 28... Rg5 $17 29. h4 Rg7 (29... Rxf5 $2 30. Qg4+ $18) 30. Re1 (30. Qd3 $17 {might work better.}) 30... h5 (30... Kh8 $19 31. Rf1 Qd6) 31. Rc7 Rg4 32. Qf2 d4 33. Ree7 Rd8 (33... Rf8 $1 $19 {Threatens to win with ...d3.} 34. Rcd7 Qd3 35. Rxb7 Rc8 36. Rxa7 Rc1+ 37. Re1 Rxe1+ 38. Qxe1 Kg7) 34. Qe1 $15 {[%emt 0:00:00] White threatens Re8+ and mate.} Qd6 (34... Qb5 $17 {Hoping for ...d3.} 35. Rxf7 Qe5 36. Qxe5 fxe5) 35. Red7 $11 {[%emt 0:00:00][%mdl 64] Decoy. Really sharp!} Qf8 {[%emt 0:01:14][%mdl 8192] [#] This costs Black the game.} (35... Qxd7 $2 36. Rxd7 Rxd7 37. Qe8+ Kg7 38. Qxd7 $18) (35... Rxd7 $11 36. Qe8+ Qf8 37. Qxd7 Kh7) 36. Rxf7 $1 $18 Qxf7 37. Rxf7 Kxf7 {[%emt 0:00:01][%mdl 4096] Endgame KQ-KRR} 38. Qe6+ {[%emt 0:00:00][%mdl 64] Deflection} Kf8 39. Qxf6+ Ke8 {[%emt 0:00:03] [#]} 40. Qe5+ $1 {[%emt 0:00:00][%mdl 1024] White has strong compensation.} ({Less strong is} 40. Qh8+ Kd7 41. Qxh5 Rdg8 $16) 40... Kf8 41. f6 {[%emt 0:00:00] White wants to mate with Qe7+.} Rd7 {[%emt 0:00:06] Against Qe7+} (41... Re8 42. Qc5+ (42. Qxh5 Ree4 $18) 42... Kf7 43. Qxh5+ Rg6 44. Qd5+ Kxf6 45. Qxd4+ (45. Qxb7 Reg8 $11) 45... Kf7 46. Qxa7 Re7) 42. Qc5+ Kf7 43. Qxh5+ {[%emt 0:00:00] Excellently played by Delgado Ramirez!   Weighted Error Value: White=0.10 (very precise) /Black=0.24 (precise)} 1-0

[Event "1000GM MLK Day RR IM-Norm 2024"]
[Site "Sunnyvale"]
[Date "2024.01.16"]
[Round "4.3"]
[White "Arenas, David"]
[Black "Guo, Andrew"]
[Result "1/2-1/2"]
[ECO "B31"]
[WhiteElo "2406"]
[BlackElo "2255"]
[Annotator "TA"]
[PlyCount "52"]
[EventDate "2024.01.12"]
[EventType "tourn"]
[EventCountry "USA"]
[SourceTitle "playchess.com"]
[Source "ChessBase"]
[SourceQuality "1"]
[TimeControl "5400+30"]

1. e4 c5 2. Nf3 Nc6 3. Bb5 g6 4. O-O Bg7 5. c3 Nf6 6. Re1 O-O 7. d4 d5 8. e5 Ne4 9. Bxc6 bxc6 10. Be3 {[%emt 0:00:05] B31: Sicilian: 2...Nc6 3 Bb5 g6.} Rb8 11. Qc1 cxd4 12. cxd4 f6 13. exf6 exf6 14. Nbd2 {[%emt 0:00:44][%cal Bb1d2,Bd2b3,Bb3c5,Bc5a4][%mdl 32] [#]} Rb6 $146 ({Predecessor:} 14... Re8 15. Qxc6 Bf5 16. Nb3 Qd7 17. Qxd7 Bxd7 18. Nfd2 f5 19. f3 Nxd2 20. Bxd2 Rxe1+ 21. Rxe1 {½-½ Xu,Y (2507)-Bu,X (2709) CHN-chT Div-A Rapid 2022 (11.1)}) 15. Nb3 Re8 16. Nfd2 Nd6 17. Nc5 Bf5 18. Na4 {[%emt 0:04:32] Excellent horsemanship.} Ra6 19. b3 Bf8 20. Nf1 Nb5 21. Ng3 Bd7 22. Qd2 (22. Nc5 $5 Rb6 23. Qd2 $11) 22... Qa5 $1 {[%emt 0:01:53] [#] ...Qxd2 would be deadly.} 23. Qxa5 Rxa5 24. Rec1 (24. Nc5 $142 Bxc5 25. dxc5) 24... Ra6 25. Nc5 Bxc5 26. Rxc5 Ra3 {[%emt 0:02:30] Weighted Error Value: White=0.11 (very precise) /Black=0.09 (flawless)} 1/2-1/2

[Event "1000GM MLK Day RR IM-Norm 2024"]
[Site "Sunnyvale"]
[Date "2024.01.16"]
[Round "4.4"]
[White "Tang, Dylan"]
[Black "Dominguez Aguilar, Guillermo"]
[Result "1/2-1/2"]
[ECO "B76"]
[WhiteElo "2206"]
[BlackElo "2319"]
[Annotator "TA"]
[PlyCount "49"]
[EventDate "2024.01.12"]
[EventType "tourn"]
[EventCountry "USA"]
[SourceTitle "playchess.com"]
[Source "ChessBase"]
[SourceQuality "1"]
[TimeControl "5400+30"]

1. e4 c5 2. Nf3 d6 3. d4 cxd4 4. Nxd4 Nf6 5. Nc3 g6 6. Be3 Bg7 7. f3 Nc6 8. Qd2 O-O 9. O-O-O d5 10. exd5 Nxd5 11. Nxc6 bxc6 12. Bd4 e5 13. Bc5 Be6 14. Ne4 Re8 15. h4 Rb8 16. Bc4 {[%emt 0:04:34] B76: Sicilian Dragon: Yugoslav Attack, 9 g4 and 9 0-0-0.} (16. Bxa7 Ra8 17. Bc5 Rxa2 $19) 16... Nf4 17. Bxe6 Nxe6 18. Qxd8 {[%emt 0:00:51] White is better.} Rbxd8 {[%emt 0:00:51] [#]} 19. Be3 $146 {[%emt 0:01:34] White is more active.} ({Predecessor:} 19. Bxa7 Ra8 20. Rd7 f5 21. Ng5 Nf4 22. g4 h6 23. Nh3 fxg4 24. fxg4 Nd5 25. g5 {1-0 Hintze,E (2193)-Tokarev,E (1644) BI-2010-F-00001 2011}) 19... f5 20. Ng5 {[%emt 0:04:43] next Nxe6 is good for White.} (20. Nd6 $5 Re7 21. c3 $11) 20... Nf4 (20... Nc7 $11) 21. Rxd8 $16 Rxd8 22. Bxf4 exf4 23. Ne6 {[%emt 0:00:16] Inhibits Bd4.} ({White should play} 23. c3 $1 $14) 23... Re8 $11 24. Nxg7 Kxg7 25. Kd2 {[%emt 0:00:41] Inhibits Re2+.   Weighted Error Value: White=0.22 (precise) /Black=0.27 (precise)} 1/2-1/2